Map: Newkirk Precinct TE (Void)

Players

Tom - Winner!

  • Race: Zerg Zerg
  • League: Platinum
  • Spawn Location: 5:00

Fropez

  • Race: Protoss Protoss
  • League: Gold
  • Spawn Location: 7:00

VOD

Have the link to the VOD?

Description

Time

  • Played on: Jan. 19, 2017, 5:16 p.m.
  • Length: 14:41
Show
View Real Time Build Order
Export as new Build Order

Tom Zerg - Winner!

Build Orders: Hatch First, Lurkers 

Get SALT Encoding   

  12  0:02  Drone  
  13  0:12  Drone  
  14  0:19  Overlord  
  14  0:41  Drone x2  
  14  0:42  Drone  
  17  0:56  Hatchery  
  16  1:02  Drone  
  17  1:05  Extractor  
  17  1:07  Drone  
  17  1:19  Spawning Pool  
  17  1:22  Drone  
  17  1:31  Drone  
  19  1:40  Drone  
  19  1:47  Overlord  
  19  2:06  Metabolic Boost  
  19  2:07  Queen  
  21  2:10  Queen  
  23  2:24  Zergling x8  
  23  2:28  Drone  
  28  2:33  Extractor  
  27  2:39  Drone x2  
  29  2:44  Drone  
  30  2:54  Queen  
  30  2:56  Drone x2  
  34  3:06  Drone x2  
  34  3:10  Overlord  
  32  4:13  Roach Warren  
  32  4:14  Drone x3  
  32  4:16  Evolution Chamber, Zergling x8  
  37  4:17  Evolution Chamber  
  36  4:46  Zerg Ground Armor Level 1, Zerg Missile Weapons Level 1  
  37  5:00  Roach x4  
  37  5:02  Overlord x4  
  43  5:16  Lair  
  43  5:22  Roach x7  
  54  5:46  Drone  
  54  5:47  Drone x8  
  63  6:16  Drone x4  
  63  6:17  Drone x2  
  69  6:19  Extractor  
  69  6:20  Extractor  
  67  6:28  Glial Reconstitution  
  67  6:32  Hydralisk Den  
  66  6:33  Drone  
  66  6:36  Drone x3  
  66  6:37  Hatchery  
  66  6:38  Drone x2  
  66  6:39  Drone  
  72  6:56  Zerg Ground Armor Level 2, Zerg Missile Weapons Level 2  
  72  7:29  Hydralisk  
  72  7:30  Hydralisk  
  72  7:32  Overlord  
  72  7:33  Overlord x3  
  76  7:59  Queen  
  76  8:01  Hydralisk x13  
  104  8:10  Muscular Augments  
  104  8:16  Drone x5  
  109  8:26  Pneumatized Carapace  
  109  8:44  Overlord x4  
  109  9:30  Zergling x2  
  109  9:31  Zergling x50  
  119  10:12  Drone x7  
  119  10:13  Drone  
  127  10:23  Zerg Melee Weapons Level 1  
  127  10:25  Infestation Pit  
  127  10:26  Lurker Den  
  104  10:58  Hydralisk x4, Roach  
  104  10:59  Hydralisk x4, Roach x5  
  104  11:00  Roach x3  
  104  11:02  Overlord x4  
  137  11:22  Hatchery  
  131  11:33  Hydralisk x2  
  131  11:34  Hydralisk x4, Roach x4  
  131  11:35  Roach x3  
  157  11:56  Hive  
  157  12:01  Lurker x2  
  157  12:02  Lurker x7  
  166  12:16  Spine Crawler  
  166  12:17  Spine Crawler  
  164  12:37  Hydralisk x6  
  164  12:40  Overlord x4  
  164  12:41  Overlord  
  164  12:44  Overseer x2  
  176  13:08  Hydralisk x3  
  176  13:09  Hydralisk x3  
Show
View Real Time Build Order
Export as new Build Order

Fropez Protoss 

Build Orders:  

Get SALT Encoding   

  12  0:01  Probe (Chrono Boost)  
  14  0:14  Probe (Chrono Boost)  
  14  0:21  Pylon  
  14  0:32  Pylon  
  14  0:35  Probe (Chrono Boost)  
  15  0:41  Assimilator  
  15  0:51  Probe (Chrono Boost)  
  15  0:55  Gateway  
  16  1:01  Probe (Chrono Boost)  
  17  1:12  Probe (Chrono Boost)  
  17  1:15  Assimilator  
  18  1:22  Probe (Chrono Boost)  
  19  1:33  Probe (Chrono Boost)  
  20  1:49  Cybernetics Core  
  20  1:52  Pylon  
  19  1:57  Probe (Chrono Boost)  
  20  2:08  Probe (Chrono Boost)  
  21  2:14  Gateway  
  21  2:16  Gateway  
  21  2:22  Nexus  
  21  2:23  Warp Gate  
  21  2:27  Forge  
  21  2:31  Probe (Chrono Boost)  
  24  2:45  Mothership Core (Chrono Boost)  
  24  2:48  Adept  
  24  2:49  Protoss Ground Weapons Level 1  
  26  3:03  Adept  
  28  3:07  Probe (Chrono Boost)  
  29  3:16  Pylon  
  30  3:20  Probe (Chrono Boost)  
  30  3:32  Probe (Chrono Boost)  
  30  3:33  Adept x2  
  35  3:52  Probe (Chrono Boost)  
  35  3:53  Probe (Chrono Boost)  
  37  4:01  Adept x2  
  42  4:04  Probe (Chrono Boost)  
  42  4:12  Pylon  
  42  4:14  Assimilator  
  42  4:15  Probe (Chrono Boost)  
  42  4:16  Probe (Chrono Boost)  
  44  4:26  Robotics Facility  
  44  4:29  Probe x2 (Chrono Boost)  
  46  4:42  Probe x2 (Chrono Boost)  
  49  4:54  Probe x2 (Chrono Boost)  
  50  5:05  Protoss Ground Armor Level 1  
  50  5:09  Stalker x2  
  50  5:11  Probe x2 (Chrono Boost), Immortal  
  56  5:14  Gateway  
  60  5:23  Probe (Chrono Boost)  
  60  5:24  Probe (Chrono Boost)  
  62  5:44  Photon Cannon  
  62  5:45  Gateway  
  62  5:51  Gateway  
  62  5:57  Pylon  
  62  6:13  Observer  
  62  6:17  Probe x2 (Chrono Boost)  
  65  6:18  Pylon  
  65  6:20  Photon Cannon  
  65  6:23  Stalker x2  
  69  6:29  Probe (Chrono Boost)  
  70  6:38  Probe (Chrono Boost)  
  72  6:41  Probe (Chrono Boost)  
  72  6:50  Probe (Chrono Boost)  
  72  6:51  Stalker x2  
  72  6:53  Probe (Chrono Boost)  
  78  7:00  Assimilator  
  78  7:01  Protoss Shields Level 1  
  78  7:02  Pylon  
  78  7:07  Pylon  
  78  7:15  Immortal  
  78  7:16  Nexus  
  78  7:21  Probe x2 (Chrono Boost)  
  84  7:23  Assimilator  
  84  7:26  Pylon  
  84  7:29  Pylon  
  84  7:31  Adept  
  84  7:34  Probe x2 (Chrono Boost)  
  88  7:41  Robotics Facility  
  90  7:46  Probe x2 (Chrono Boost)  
  90  7:49  Immortal  
  90  7:57  Twilight Council, Robotics Bay  
  90  7:58  Probe x2 (Chrono Boost)  
  96  7:59  Pylon  
  96  8:06  Pylon  
  96  8:07  Assimilator  
  96  8:13  Photon Cannon  
  96  8:16  Pylon  
  96  8:17  Adept x2  
  96  8:18  Adept x2  
  106  8:28  Probe x3 (Chrono Boost)  
  106  8:33  Adept  
  109  8:36  Extended Thermal Lance  
  109  8:38  Probe (Chrono Boost)  
  109  8:39  Resonating Glaives  
  109  8:40  Probe (Chrono Boost)  
  111  8:42  Adept x4  
  111  8:45  Probe (Chrono Boost)  
  120  8:50  Probe (Chrono Boost)  
  121  8:57  Observer  
  121  9:01  Colossus  
  128  9:05  Probe x2 (Chrono Boost)  
  131  9:11  Probe (Chrono Boost)  
  132  9:17  Probe (Chrono Boost)  
  132  9:23  Adept x5  
  132  9:49  Sentry x5  
  142  9:54  Colossus  
  146  10:11  Probe (Chrono Boost)  
  147  10:16  Pylon  
  147  10:19  Pylon  
  147  10:23  Pylon  
  147  10:25  Pylon, Stalker  
  149  10:31  Pylon  
  149  10:33  Colossus  
  155  10:35  Pylon  
  155  10:39  Pylon  
  143  10:46  Adept  
  143  10:47  Adept x2  
  149  10:50  Pylon  
  147  11:00  Adept x2  
  147  11:03  Probe x3 (Chrono Boost)  
  154  11:11  Adept  
  154  11:12  Adept x2  
  154  11:17  Nexus  
  160  11:21  Gateway  
  160  11:23  Gateway  
  158  11:25  Gateway  
  158  11:27  Gateway  
  158  11:28  Pylon  
  158  11:30  Gateway  
  158  11:31  Pylon  
  158  11:32  Gateway  
  148  11:33  Gateway  
  148  11:36  Sentry x4  
  148  11:37  Sentry  
  158  11:59  Gateway  
  158  12:01  Gateway  
  158  12:06  Probe x2 (Chrono Boost), Photon Cannon  
  160  12:09  Photon Cannon  
  160  12:12  Gateway  
  160  12:13  Gateway  
  160  12:15  Protoss Ground Weapons Level 2  
  160  12:17  Photon Cannon  
  160  12:24  Pylon, Photon Cannon  
  160  12:27  Adept x3, Pylon  
  160  12:28  Adept x2  
  170  12:30  Pylon  
  170  12:33  Pylon  
  170  12:40  Assimilator  
  170  12:44  Forge x2  
  170  12:45  Assimilator  
  170  12:48  Pylon  
  170  12:53  Dark Shrine  
  170  12:56  Gateway  
  170  12:58  Warp Prism  
  98  13:58  Zealot x2  
  98  13:59  Zealot x6  
  98  14:00  Zealot x4  
  105  14:08  Dark Templar x3  
  105  14:09  Dark Templar  
  97  14:25  Stalker x6  
  97  14:26  Stalker x3  
Tags
 
Add a new tag
Caveats
  • Supply blocks, unpowered buildings, or Contaminate may cause inaccurate times.
  • Supply counts are checked every 10 seconds.